 Dungeon Crawl Stone Soup version 0.24-a0-584-g9d6b971 (webtiles) character file.

Game seed: 17317239469726753037, levelgen mode: deterministic

5 Firecrotchwizard the Caller (level 1, 0/13 HPs)
             Began as a Merfolk Summoner on Aug 31, 2019.
             Slain by a hobgoblin
             ... wielding a +0 club
              (4 damage)
             ... on level 1 of the Dungeon.
             The game lasted 00:01:25 (431 turns).

Firecrotchwizard the Caller (Merfolk Summoner)       Turns: 431, Time: 00:01:26

Health: 0/13       AC:  2    Str:  8    XL:     1   Next: 80%
Magic:  0/3        EV: 13    Int: 14    God:
Gold:   12         SH:  0    Dex: 14    Spells: 3/4 levels left

rFire    . . .     SeeInvis .   d - +0 whip
rCold    . . .     Gourm    .   (no shield)
rNeg     . . .     Faith    .   a - +0 robe
rPois    .         Spirit   .   (no helmet)
rElec    .         Reflect  .   (no cloak)
rCorr    .         Harm     .   (no gloves)
MR       .....                  (no boots)
Stlth    ++........             (no amulet)
HPRegen  0.04/turn              (no ring)
MPRegen  0.08/turn              (no ring)

@: no status effects
A: change form in water, swift swim, stealthy swim
a: no special abilities


You were on level 1 of the Dungeon.
You were not hungry.

You visited 1 branch of the dungeon, and saw 1 of its levels.

You collected 12 gold pieces.

Inventory:

Hand Weapons
 d - a +0 whip (weapon)
   (You found it on level 1 of the Dungeon)
Armour
 a - a +0 robe (worn)
Comestibles
 c - a ration


   Skills:
 + Level 2.9 Dodging
 + Level 2.3 Stealth
 + Level 2.1 Spellcasting
 + Level 4.0 Summonings


You had 3 spell levels left.
You knew the following spells:

 Your Spells              Type           Power        Failure   Level  Hunger
a - Summon Small Mammal   Summ           ##..         4%          1    ##.....

Your spell library contained the following spells:

 Spells                   Type           Power        Failure   Level  Hunger
 Call Imp                 Summ           ##......     7%          2    ###....
 Call Canine Familiar     Summ           ##......     13%         3    ####...
 Summon Guardian Golem    Hex/Summ       #.......     30%         3    ####...
 Summon Ice Beast         Ice/Summ       #.......     71%         4    #####..
 Summon Lightning Spire   Summ/Air       #.......     71%         4    #####..


Dungeon Overview and Level Annotations

Branches:
Dungeon (1/15)

Altars:


Message History

You take 2 damage, and have 7/13 hp.
MP restored: 3 Your quokka closely misses the goblin.
The goblin hits you.
You take 3 damage, and have 4/13 hp.
MASSIVE DAMAGE!!
You closely miss the goblin.
Your quokka barely misses the goblin.
The goblin barely misses you.
You hit the goblin.
You kill the goblin!
The dart slug bites you.
You take 1 damage, and have 4/13 hp.
You hit the dart slug. You barely miss the dart slug.
Your quokka bites the dart slug.
The dart slug bites your quokka.
You barely miss the dart slug.
Your quokka bites the dart slug but does no damage.
Your quokka bites the dart slug.
The dart slug dies!
You see here a dart slug corpse.
You butcher the dart slug corpse.
b - 3 chunks of flesh {@w0} (gained 1)
You now have 12 gold pieces.
There isn't anything here!
You swap places.
You see here a goblin corpse.
You butcher the goblin corpse.
b - 4 chunks of flesh {@w0} (gained 1)
You see here a goblin skeleton.
You start resting.
Your quokka disappears in a puff of smoke!
Some of the chunks of flesh in your inventory have rotted away.
Health restored: 13
Things that are here:
a +0 short sword; a +0 dagger; 3 stones All of the chunks of flesh in your inventory have rotted away.
The hobgoblin is too close now for your liking.
The hobgoblin shouts!
You hear a shout!
A kobold comes into view.
The hobgoblin closely misses you.
You hit the hobgoblin but do no damage. The hobgoblin closely misses you.
You closely miss the hobgoblin. The hobgoblin hits you with a +0 club.
You take 3 damage, and have 10/13 hp.
MASSIVE DAMAGE!!
The hobgoblin closely misses you.
You now have 2/3 mp.
Your bat hits the hobgoblin but does no damage.
Your bat barely misses the hobgoblin.
The bat closely misses you. The hobgoblin hits you with a +0 club.
You take 6 damage, and have 4/13 hp.
MASSIVE DAMAGE!!
You now have 1/3 mp.
Your bat barely misses the hobgoblin.
Your bat closely misses the bat.
The bat hits you but does no damage.
Your bat hits the bat. The bat closely misses you.
Your bat closely misses the hobgoblin.
The kobold closely misses your bat.
Your bat barely misses the bat.
The bat hits you but does no damage.
Your bat barely misses the hobgoblin.
Your bat hits the hobgoblin.
Your bat hits the bat but does no damage.
A goblin comes into view. It is wielding a +0 dagger.
The bat misses you.
Your bat closely misses the hobgoblin.
The hobgoblin hits your bat with a +0 club.
Your bat hits the hobgoblin but does no damage.
The bat hits your rat.
Your bat closely misses the hobgoblin. x2
The bat barely misses your rat.
You now have 0/3 mp.
The bat closely misses your rat. The bat barely misses your rat.
Your bat hits the hobgoblin but does no damage.
Your bat completely misses the hobgoblin.
The hobgoblin hits your rat with a +0 club.
Your rat dies!
Your rat's corpse disappears in a puff of smoke!
Your bat closely misses the kobold.
Your bat closely misses the hobgoblin.
The bat hits you.
Your bat barely misses the hobgoblin.
The bat misses you.
You take 1 damage, and have 4/13 hp.
You barely miss the bat. The bat hits you but does no damage.
Your bat barely misses the hobgoblin.
Your bat hits the hobgoblin but does no damage.
The bat barely misses your bat.
Your bat closely misses the bat.
Your bat barely misses the bat.
The kobold hits your bat but does no damage.
You now have 0/3 mp.
Your bat hits the kobold but does no damage.
Your bat barely misses the kobold.
Your bat hits the kobold but does no damage.
The hobgoblin hits your bat but does no damage.
The kobold barely misses your bat.
The goblin shouts!
Your bat hits the kobold but does no damage.
The bat hits your bat but does no damage.
Your bat closely misses the bat.
Your bat completely misses the kobold.
The kobold hits your bat.
Your bat dies!
Your bat's corpse disappears in a puff of smoke!
Your bat hits the kobold but does no damage.
You closely miss the hobgoblin.
Your bat barely misses the kobold.
Your bat hits the kobold but does no damage.
The hobgoblin hits you with a +0 club.
You die...

............>.........
...#...(..............
...#................$. .
##.#....................
##.#...##...............
##.#...##...............
##.....##...............
.............bb###......
'#............Kg@....g..
(#..........b.#####.....
.#......................
.#................... .
.#...................
รท#...................
<#................... .#
.................. .#
####..............


You could see a hobgoblin, a goblin, a bat, a kobold and 2 friendly bats.

Vanquished Creatures
  A goblin (D:1)
  A kobold (D:1)
2 creatures vanquished.

Vanquished Creatures (collateral kills)
  A dart slug (D:1)
  A kobold (D:1)
  A goblin (D:1)
3 creatures vanquished.

Grand Total: 5 creatures vanquished

Notes
Turn   | Place    | Note
-------+----------+-------------------------------------------
     0 | D:1      | Firecrotchwizard the Merfolk Summoner began the quest for
                  | the Orb.
     0 | D:1      | Reached XP level 1. HP: 13/13 MP: 3/3
   431 | D:1      | Slain by a hobgoblin

Levels and vault maps discovered:
D:1:      evilmike_arrival_run_for_it, layout_basic

Action                   || total
-------------------------++-------
Melee: Whip              ||    15
 Cast: Summon Small Mamm ||     6
Armor: Robe              ||     3
Dodge: Dodged            ||    12

Table legend:
 A = Non-vault XP
 B = Vault XP
 C = Vault XP percentage of total XP
 D = Non-vault monster count
 E = Vault monster count
 F = Vault count percentage of total count
                 A         B        C        D         E       F
            +---------+---------+-------+---------+---------+-------
      Total |       8 |       0 |   0.0 |       5 |       0 |   0.0
            +---------+---------+-------+---------+---------+-------
        D:1 |       8 |       0 |   0.0 |       5 |       0 |   0.0
            +---------+---------+-------+---------+---------+-------

Levels and vault maps discovered:
D:1:      evilmike_arrival_run_for_it, layout_basic

Table legend:
 A = Turns spent in this place as a percentage of turns spent in the entire game.
 B = Non-inter-level travel turns spent in this place as a percentage of non-inter-level travel turns spent in the entire game.
 C = Inter-level travel turns spent in this place as a percentage of turns spent in this place.
 D = Turns resting spent in this place as a percentage of non-inter-level travel turns spent in this place.
 E = Turns spent auto-exploring this place as a percentage of non-inter-level travel turns spent in this place.
 F = Non-inter-level travel turns spent in this place divided by the number of levels of this place that you've seen.
                   A       B       C       D       E      F
               +-------+-------+-------+-------+-------+----------------------
         Total | 100.0 | 100.0 |   0.0 |  74.7 |   7.2 | 431.0
       Dungeon | 100.0 | 100.0 |   0.0 |  74.7 |   7.2 | 431.0
               +-------+-------+-------+-------+-------+----------------------

Table legend:
 A = Kills in this place as a percentage of kills in entire the game.
 B = Kills by you in this place as a percentage of kills by you in the entire game.
 C = Kills by friends in this place as a percentage of kills by friends in the entire game.
 D = Other kills in this place as a percentage of other kills in the entire game.
 E = Experience gained in this place as a percentage of experience gained in the entire game.
 F = Experience gained in this place divided by the number of levels of this place that you have seen.
                   A       B       C       D       E      F
               +-------+-------+-------+-------+-------+----------------------
         Total | 100.0 | 100.0 | 100.0 |   N/A | 100.0 |   8.0
       Dungeon | 100.0 | 100.0 | 100.0 |   N/A | 100.0 |   8.0
               +-------+-------+-------+-------+-------+----------------------
